Workbook

Sheet EMPLOYEES
A1: EID | B1: FULL NAME | C1: AGE | D1: PHONE NUMBER | E1: WORK STATION | F1: COUNTRY | G1: No.HOURS PER DAY
A2: 1 | B2: ROBERT GREEN | C2: 25 | D2: 232 475678 | E2: ISLE 2 | F2: USA | G2: 6
A3: 2 | B3: MARY JOHNSON | C3: 24 | D3: 232 671802 | E3: ISLE 1 | F3: BRITAIN | G3: 8
A4: 3 | B4: JOHN WAYNE | C4: 26 | D4: 232 180643 | E4: ISLE 3 | F4: USA | G4: 4
A5: 4 | B5: FELIX CROSS | C5: 23 | D5: 232 451780 | E5: CASHIER'S COUNTER | F5: Australia | G5: 8
A6: 5 | B6: CHRIS WOOD | C6: 26 | D6: 232 251671 | E6: SECURITY | F6: USA | G6: 5

Sheet MERCHANDISE
B1: SUPERMARKET'S MERCHANDISE
A2: ITEM CODE | B2: ITEM | C2: BRAND | D2: SIZE/QTY | E2: PRICE | F2: BATCH NUMBER
A3: SUG001 | B3: SUGAR | C3: SWEET | D3: 1 | E3: 130 | F3: 565526
A4: RIC002 | B4: RICE | C4: WHITE GRAIN | D4: 1 | E4: 105 | F4: 777824
A5: BRE003 | B5: BREAD | C5: SUPER FRESH | D5: 1 | E5: 10 | F5: 24615
A6: SAL004 | B6: SALT | C6: HIMALAYA | D6: 1 | E6: 10 | F6: 10363
A7: WPO005 | B7: WASHING POWDER | C7: GENTLE | D7: 1 | E7: 32 | F7: 241526
A8: WFL006 | B8: WHEAT FLOUR | C8: SIFT | D8: 1 | E8: 40 | F8: 7783643
A9: PAS007 | B9: PASTA | C9: BRIGHT | D9: 1 | E9: 50 | F9: 224625
A10: COF008 | B10: COFFEE | C10: RICH | D10: 1 | E10: 110 | F10: 3243377

Sheet CUSTOMERS
A1: CUSTOMER INFORMATION
A2: CUSTOMER ID | B2: NAME | C2: QUANTITY | D2: AMOUNT SPENT | E2: LAST VISITED STORE | F2: TIME
A3: 1 | B3: BROWN | C3: 2 | D3: 23 | E3: 43031 | F3: 0.44053241
A4: 2 | B4: JOHN | C4: 5 | D4: 50 | E4: 43056 | F4: 01:15:10
A5: 3 | B5: BRADLEY | C5: 1 | D5: 15 | E5: 43054 | F5: 05:56:02
A6: 4 | B6: KEVIN | C6: 7 | D6: 87 | E6: 43049 | F6: 03:00:00
A7: 5 | B7: PETER | C7: 4 | D7: 44 | E7: 43026 | F7: 04:04:31
A8: 6 | B8: ANDERSON | C8: 4 | D8: 38 | E8: 43054 | F8: 08:48:16
A9: 7 | B9: LEE | C9: 5 | D9: 53 | E9: 43043 | F9: 0.53224537
A10: 8 | B10: CHRISTOPHER | C10: 3 | D10: 40 | E10: 43009 | F10: 07:34:45
A11: 9 | B11: LUCY | C11: 8 | D11: 117 | E11: 43054 | F11: 06:50:23
A12: 10 | B12: FELICITY | C12: 1 | D12: 16 | E12: 43047 | F12: 09:13:15

Sheet BILLS
B1: REOCCURING BILLS
A2: BILL ID | B2: BILL | C2: DUE DATE | D2: AMOUNT | E2: STATUS
A3: B001 | B3: RENT | C3: 4TH DEC | D3: 1500 | E3: NOT PAID
A4: B002 | B4: ELECTRICITY | C4: 7TH DEC | D4: 350 | E4: NOT PAID
A5: B003 | B5: WATER | C5: 21ST DEC | D5: 200 | E5: NOT PAID
A6: B004 | B6: SALARY | C6: 26TH NOV | D6: 1500 | E6: NOT PAID
A7: B005 | B7: DECORATIONS | C7: 28TH NOV | D7: 120 | E7: NOT PAID
A8: B006 | B8: REPAIRS | C8: 1ST DEC | D8: 100 | E8: NOT PAID
A9: B007 | B9: CLEANING | C9: 30TH NOV | D9: 50 | E9: NOT PAID
A10: B008 | B10: DELIVERY SERVICE | C10: 1ST DEC | D10: 75 | E10: PAID

Sheet TRANSACTIONS
A1: TRANSACTIONS
A2: TRANSACTION CODE | B2: ITEM | C2: BRAND | D2: PRICE | E2: QUANTITY | F2: TAX | G2: TOTAL
A3: T110 | B3: WHEAT FLOUR | C3: SIFT | D3: =MERCHANDISE!E8 -> 40 | E3: 2 | F3: =18%*G3 -> 14.4 | G3: =E3*D3 -> 80
A4: T111 | B4: SUGAR | C4: SWEET | D4: =MERCHANDISE!E3 -> 130 | E4: 7 | F4: =18%*G4 -> 163.8 | G4: =E4*D4 -> 910
A5: T112 | B5: SALT | C5: HIMALAYA | D5: =MERCHANDISE!E6 -> 10 | E5: 4 | F5: =18%*G5 -> 7.2 | G5: =E5*D5 -> 40
A6: T113 | B6: COFFEE | C6: RICH | D6: =MERCHANDISE!E10 -> 110 | E6: 6 | F6: =18%*G6 -> 118.8 | G6: =E6*D6 -> 660
A7: T114 | B7: BREAD | C7: SUPER FRESH | D7: =MERCHANDISE!E5 -> 10 | E7: 5 | F7: =18%*G7 -> 9 | G7: =E7*D7 -> 50
A8: T115 | B8: WASHING POWDER | C8: GENTLE | D8: =MERCHANDISE!E7 -> 32 | E8: 3 | F8: =18%*G8 -> 17.28 | G8: =E8*D8 -> 96
A9: T116 | B9: SUGAR | C9: SWEET | D9: =MERCHANDISE!E3 -> 130 | E9: 10 | F9: =18%*G9 -> 234 | G9: =E9*D9 -> 1300
A10: T117 | B10: PASTA | C10: BRIGHT | D10: =MERCHANDISE!E9 -> 50 | E10: 2 | F10: =18%*G10 -> 18 | G10: =E10*D10 -> 100
A11: T118 | B11: SALT | C11: HIMALAYA | D11: =MERCHANDISE!E6 -> 10 | E11: 3 | F11: =18%*G11 -> 5.4 | G11: =E11*D11 -> 30
A12: T200 | B12: BREAD | C12: SUPER-FRESH | D12: =MERCHANDISE!E5 -> 10 | E12: 4 | F12: =18%*G12 -> 7.2 | G12: =E12*D12 -> 40
A13: T201 | B13: RICE | C13: WHITE | D13: =MERCHANDISE!E4 -> 105 | E13: 12 | F13: =18%*G13 -> 226.8 | G13: =E13*D13 -> 1260

Sheet MONTHLY FINANCIALS
A1: MONTHLY FINANCIALS
A2: SALES | B2: =TRANSACTIONS!G3+TRANSACTIONS!G4+TRANSACTIONS!G5+TRANSACTIONS!G6+TRANSACTIONS!G7+TRANSACTIONS!G8+TRANSACTIONS!G9+TRANSACTIONS!G10+TRANSACTIONS!G11+TRANSACTIONS!G12+TRANSACTIONS!G13 -> 4566
A3: DEBT | B3: =BILLS!D3+BILLS!D4+BILLS!D5+BILLS!D7+BILLS!D8+BILLS!D9+BILLS!D10 -> 2395
A4: PROFITS | B4: =B2-B3 -> 2171
A5: TAXES | B5: =18%*B4 -> 390.78
A6: SALARIES | B6: =BILLS!D6 -> 1500
A7: BILLS | B7: =BILLS!D3+BILLS!D4+BILLS!D5+BILLS!D7+BILLS!D8+BILLS!D9+BILLS!D10 -> 2395
